 Dungeon Sprint DCSS version 0.31-a0-795-g5eb97db20b (webtiles) character file.

Game seed: 3369616460927035853

3029 sircluck the Grappler (level 9, 0/157 HPs)
             Began as a Troll Berserker on Sept 19, 2023.
             Was a High Priest of Trog.
             Slain by a deep elf knight
             ... wielding a +0 long sword
              (18 damage)
             ... in the Dungeon (Sprint III: "The Ten Rune Challenge").
             The game lasted 00:02:09 (648 turns).

sircluck the Grappler (Troll Berserker)              Turns: 648, Time: 00:02:09

Health: 0/157      AC:  4    Str: 31    XL:     9   Next: 56%
Magic:  8/8        EV: 13    Int:  3    God:    Trog [*****.]
Gold:   3115       SH:  0    Dex:  9    Spells: 8/8 levels left

rFire   . .          .
                       - Unarmed
rCold   . . .        (no shield)
rNeg    . . .        a - +0 animal skin
rPois   .            (helmet restricted)
rElec   .            (no cloak)
rCorr   .            (gloves unavailable)
SInv    .            (boots unavailable)
Will    .....        (no amulet) Stlth
                     (no ring)
HPRegen 1.26/turn    (no ring)
MPRegen 0.11/turn

%: no teleportation
@: berserking, very quick
A: large, unfitting armour, claws 3, regeneration 1, shaggy fur 1, tough skin 1
a: Renounce Religion, Berserk, Trog's Hand, Brothers in Arms


You were in the Dungeon.
You worshipped Trog.
Trog was extremely pleased with you.
You visited 1 branch You collected 3115 gold pieces.

Inventory:

Armour
 a - a +0 animal skin (worn)
Scrolls
 g - a scroll of blinking
 j - 2 scrolls of poison {unknown}
 k - 4 scrolls of identify
Potions
 b - a potion of curing
 c - a potion of heal wounds
 d - 3 potions of haste
 e - 2 potions of magic
 f - a potion of berserk rage
 h - a potion of attraction {unknown}
 i - 6 potions of mutation
 l - a potion of enlightenment {unknown}
Miscellaneous
 m - a box of beasts


   Skills:
 + Level 11.3 Fighting
 + Level 11.2 Dodging
 + Level 13.2 Unarmed Combat


You had 8 spell levels left.
You didn't know any spells.
Your spell library was empty.

Dungeon Overview and Level Annotations

Branches:
Dungeon (1/1)

Altars:
Cheibriados
Dithmenos
Elyvilon
Fedhas
Gozag
Hepliaklqana
Kikubaaqudgha
Makhleb
Nemelex Xobeh
Okawaru
Qazlal
Ru
Sif Muna
Trog
Uskayaw
Vehumet
Wu Jian
Xom
Yredelemnul
Zin
The Shining One
Jiyva
Lugonu

Shops:
D !


Innate Abilities, Weirdness & Mutations

You are too large for most types of armour.
You have claws for hands.
Your natural rate of healing is unusually fast.
You are covered in fur. (AC +1)
You have tough skin. (AC +1)


Message History

The deep elf pyromancer hits your cyclops but does no damage.
Your cyclops burns!
Something hits you!
Your cyclops hits the deep elf pyromancer!!!
The deep elf pyromancer dies!
Trog accepts your kill.
Trog appreciates your killing of a magic user.
Your Dodging skill increases to level 11!
Your Unarmed Combat skill increases to level 13!
You closely miss something. You claw something!!
Your cyclops burns!
Your cyclops rages.
Something hits you!!
You barely miss something.
Your cyclops burns!
Something blocks your cyclops's attack. Something hits you!
* * * LOW HITPOINT WARNING * * *
You barely miss something. Your claw misses something.
Your cyclops burns!
Something blocks your cyclops's attack. Something hits you!!
* * * LOW HITPOINT WARNING * * *
You feel much better.
Your cyclops burns!
Something blocks your cyclops's attack.
You hear some strange, mumbled words.
A shard of ice appears from out of thin air!
The shard of ice hits you!!
* * * LOW HITPOINT WARNING * * *
Unknown command.
A red film seems to cover your vision as you go berserk!
You feel yourself moving faster!
You feel mighty!
Your cyclops burns!
Something blocks your cyclops's attack. Something hits you.
* * * LOW HITPOINT WARNING * * *
Something blocks your attack.
Your claw misses something. Your cyclops hits something! You miss something.
Your claw misses something.
Your cyclops burns!
Something hits you!!
You die...

▓▓▓ ▓▓▓▓ ▓▓▓▓▓
##.############.@#####.#.#######
#..#___#___#__##{#∩.#.#..'.#e..#
#..#.).#__)#._#..C....{e.#.#ee.##
#..###'#'###)##.....)..#.#.#e..≈≈
#..#...)).)...#....))..###.#...##
...'.⌠........#...##)...##.e...#
...#...######'#.###..#.#.#######
...#.⌠.#__#...#)##########
...#...#__#..)#))§§~'.#


You could see a friendly cyclops (summoned, berserk, burning).

Vanquished Creatures
  Snorg (D)
  A deep elf pyromancer (D)
  An orc sorcerer (D)
  A shadow (D)
  A spatial vortex (D)
  An orc warrior (D)
  An earth elemental (D)
  A necrophage (D)
  A water elemental (D)
  A jelly (D)
  4 orc priests (D)
  Jessica (D)
  A wizard (D)
  A necromancer (D)
  2 orc wizards (D)
  3 humans (D)
  A kobold demonologist (D)
  A phantom (D)
  10 orcs (D)
  2 endoplasms (D)
36 creatures vanquished.

Vanquished Creatures (collateral kills)
  A deep elf pyromancer (D)
1 creature vanquished.

Grand Total: 37 creatures vanquished

Notes
Turn   | Place    | Note
-------+----------+-------------------------------------------
     0 | D        | sircluck the Troll Berserker began the quest for the Orb.
     0 | D        | Reached XP level 1. HP: 22/22 MP: 0/0
    24 | D        | Noticed Jessica
    31 | D        | Killed Jessica
    31 | D        | Reached ** piety under Trog
    32 | D        | Reached skill level 4 in Unarmed Combat
    32 | D        | Reached XP level 2. HP: 31/32 MP: 1/1
    32 | D        | Reached XP level 3. HP: 38/39 MP: 2/2
    78 | D        | Reached skill level 5 in Unarmed Combat
   127 | D        | Noticed a water elemental
   131 | D        | Killed a water elemental
   132 | D        | Reached skill level 5 in Fighting
   132 | D        | Reached skill level 5 in Dodging
   132 | D        | Reached skill level 6 in Unarmed Combat
   132 | D        | Reached XP level 4. HP: 50/50 MP: 3/3
   174 | D        | Found a basalt altar of Yredelemnul.
   174 | D        | Found a shadowy altar of Dithmenos.
   174 | D        | Found a sacrificial altar of Ru.
   174 | D        | Noticed a necrophage
   181 | D        | Reached *** piety under Trog
   183 | D        | Killed a necrophage
   184 | D        | Reached skill level 7 in Unarmed Combat
   184 | D        | Reached XP level 5. HP: 59/59 MP: 4/4
   192 | D        | Noticed a shadow
   196 | D        | Killed a shadow
   197 | D        | Reached skill level 8 in Unarmed Combat
   197 | D        | Reached XP level 6. HP: 54/71 MP: 5/5
   199 | D        | Reached **** piety under Trog
   252 | D        | Found a radiant altar of Vehumet.
   252 | D        | Found a shimmering blue altar of Sif Muna.
   252 | D        | Found an ancient bone altar of Kikubaaqudgha.
   260 | D        | Noticed a ynoxinul
   275 | D        | Found a hide-covered altar of Uskayaw.
   275 | D        | Found an iron altar of Okawaru.
   275 | D        | Found a bloodstained altar of Trog.
   275 | D        | Found an ornate altar of the Wu Jian Council.
   275 | D        | Noticed a human
   276 | D        | Noticed a human
   285 | D        | Killed a human
   286 | D        | Reached skill level 9 in Unarmed Combat
   286 | D        | Reached XP level 7. HP: 79/79 MP: 6/6
   288 | D        | Killed a human
   288 | D        | Reached ***** piety under Trog
   326 | D        | Found a glowing silver altar of Zin.
   326 | D        | Found a glowing golden altar of the Shining One.
   326 | D        | Found a white marble altar of Elyvilon.
   327 | D        | Noticed a deep elf pyromancer
   329 | D        | Killed a deep elf pyromancer
   330 | D        | Reached skill level 10 in Unarmed Combat
   330 | D        | Reached XP level 8. HP: 86/92 MP: 7/7
   353 | D        | Noticed Snorg
   361 | D        | Killed Snorg
   362 | D        | Reached skill level 10 in Fighting
   362 | D        | Reached skill level 10 in Dodging
   362 | D        | Reached skill level 11 in Unarmed Combat
   411 | D        | Found a blossoming altar of Fedhas.
   411 | D        | Found a stormy altar of Qazlal.
   411 | D        | Found a snail-covered altar of Cheibriados.
   411 | D        | Found a burning altar of Makhleb.
   411 | D        | Found a shimmering altar of Xom.
   412 | D        | Found a hazy altar of Hepliaklqana.
   412 | D        | Found an opulent altar of Gozag.
   412 | D        | Found a sparkling altar of Nemelex Xobeh.
   412 | D        | Found a corrupted altar of Lugonu.
   412 | D        | Found a viscous altar of Jiyva.
   421 | D        | Reached skill level 12 in Unarmed Combat
   452 | D        | Found Fosell's Distillery.
   476 | D        | Identified the +7 dire flail of the Dead {heavy, Str+3
                  | Int-4 SInv Stlth+} (Trog gifted it to you in the Dungeon)
   476 | D        | Received a gift from Trog
   494 | D        | Noticed an orc sorcerer
   508 | D        | Killed an orc sorcerer
   509 | D        | Reached XP level 9. HP: 74/102 MP: 8/8
   520 | D        | Reached ****** piety under Trog
   528 | D        | Received a gift from Trog
   616 | D        | Noticed a deep elf pyromancer
   616 | D        | Noticed a deep elf pyromancer
   616 | D        | Noticed a deep elf pyromancer
   616 | D        | Noticed a deep elf knight
   616 | D        | Noticed a deep elf knight
   641 | D        | Killed a deep elf pyromancer
   642 | D        | Reached skill level 13 in Unarmed Combat
   644 | D        | HP: 2/105 [something (23)]
   648 | D        | Slain by a deep elf knight

Illustrated notes

Levels and vault maps discovered:
D:        dungeon_sprint_mu [sprint_mu_entry_cave, sprint_mu_temple_rooms,
          sprint_mu_d1_horrors, sprint_mu_d2_genie, sprint_mu_d3_branching,
          sprint_mu_orc_legion, sprint_mu_elf_gauntlet, sprint_mu_hive_nellie,
          sprint_mu_lair_fedhas, sprint_mu_vaults_butterflies,
          sprint_mu_slime_circle, sprint_mu_swamp_cave, sprint_mu_shoals_archi,
          sprint_mu_blade_basic, sprint_mu_crypt_lich, sprint_mu_tomb_spiral,
          sprint_mu_vestibule_basic, sprint_mu_gehenna_hellfire,
          sprint_mu_dis_giant, sprint_mu_tartarus_statrot,
          sprint_mu_cocytus_islands, sprint_mu_zot1]

Skill      XL: |  1  2  3  4  5  6  7  8  9 |
---------------+----------------------------+-----
Fighting       | 3 5 6 7 9 10 11 | 11.3
Dodging        | 3 5 6 7 9 10 11 | 11.2
Unarmed Combat | 4 6 7 8 9 10 12 13 | 13.2

Action                     |  1- 3 |  4- 6 |  7- 9 || total
---------------------------+-------+-------+-------++-------
  Melee: Unarmed           |    29 |    33 |    55 ||   117
         Punch             |     1 |       |     4 ||     5
 Invoke: Berserk           |     1 |     2 |     2 ||     5
         Brothers in Arms  |       |       |     1 ||     1
    Use: Potion            |       |       |     1 ||     1
   Stab: Sleeping          |     1 |       |       ||     1
 Armour: Animal skin       |    19 |    15 |    35 ||    69
  Dodge: Dodged            |    15 |    13 |    21 ||    49

Table legend: (Time is in decaauts)
 A = Elapsed time spent in this place.
 B = Non-inter-level travel time spent in this place.
 C = Inter-level travel time spent in this place.
 D = Time resting spent in this place.
 E = Time spent auto-exploring this place.
 F = Levels seen in this place.
 G = Mean time per level.
                   A        B        C        D        E       F      G
               +--------+--------+--------+--------+--------+-----+--------+
         Total |    666 |    666 |      0 |    182 |    165 |   1 |  666.0 |
       Dungeon |    666 |    666 |      0 |    182 |    165 |   1 |  666.0 |
               +--------+--------+--------+--------+--------+-----+--------+

Top non-repeatable levels by time:
       D: 666 daAuts
